 Dungeon Crawl Stone Soup version 0.27.1-2-g3b301248ec (webtiles) character file.

Game seed: 7240487035780777856

10824 pkoi the Grappler (level 11, 0/97 HPs)
             Began as a Troll Monk on Oct 4, 2021.
             Was a High Priest of Makhleb.
             Killed from afar by an electric eel (9 damage)
             ... with a bolt of electricity
             ... on level 11 of the Dungeon.
             The game lasted 00:18:23 (9273 turns).

pkoi the Grappler (Troll Monk)                      Turns: 9273, Time: 00:18:24

Health: 0/97       AC:  9    Str: 24    XL:     11   Next: 41%
Magic:  17/17      EV: 13    Int:  6    God:    Makhleb [*****.]
Gold:   1509       SH:  5    Dex: 18    Spells: 10/10 levels left

rFire    + . .     SeeInvis +     - Unarmed
rCold    . . .     Faith    .   (no shield)
rNeg     . . .     Spirit   .   a - +1 robe
rPois    .         Reflect  +   d - +1 hat
rElec    .         Harm     .   E - +2 cloak of the Thief {*Fog Slay-2 SInv Stlth+}
rCorr    .         Rampage  .   (gloves unavailable)
Will     .....                  (boots unavailable)
Stlth    +++.......             r - amulet of reflection
HPRegen  1.26/turn              k - ring of protection from fire
MPRegen  0.15/turn              x - +6 ring of dexterity

@: no status effects
A: large, unfitting armour, claws 3, regeneration 1, shaggy fur 1, tough skin 1
a: Renounce Religion, Minor Destruction, Lesser Servant of Makhleb, Major
Destruction, Greater Servant of Makhleb


You were on level 11 of the Dungeon.
You worshipped Makhleb.
Makhleb was extremely pleased with you.
You visited 2 branches of the dungeon, and saw 12 of its levels.
You also visited: Sewer.

You collected 1621 gold pieces.
You spent 112 gold pieces at shops.

Inventory:

Missiles
 b - 71 poisoned darts (quivered)
 i - 11 javelins
 v - 7 boomerangs
 y - 9 large rocks
Armour
 a - a +1 robe (worn)
 d - a +1 hat (worn)
 E - the +2 cloak of the Thief (worn) {*Fog Slay-2 SInv Stlth+}
   (You acquired it on level 8 of the Dungeon)

   It may release a thick cloud of smoke when the wearer is hurt.
   Slay:      It affects your accuracy & damage with ranged weapons and melee
   (-2).
   SInv:      It lets you see invisible.
   Stlth:     It makes you more stealthy.
Jewellery
 k - a ring of protection from fire (left claw)
 r - an amulet of reflection (around neck)
 w - a ring of magical power
 x - a +6 ring of dexterity (right claw)
Wands
 m - a wand of flame (21)
 n - a wand of paralysis (4)
 q - a wand of iceblast (31)
 z - a wand of polymorph (2)
Scrolls
 c - 3 scrolls of teleportation
 g - 6 scrolls of identify
 p - 3 scrolls of enchant weapon
 s - 2 scrolls of fog
 t - 3 scrolls of enchant armour
 u - a scroll of summoning
 G - 2 scrolls of blinking
Potions
 e - a potion of flight
 f - 4 potions of curing
 h - 2 potions of resistance
 j - a potion of invisibility
 l - a potion of berserk rage
 o - 2 potions of might
 A - a potion of haste
 B - a potion of ambrosia
 C - 2 potions of heal wounds
 F - a potion of brilliance


   Skills:
 - Level 3.5 Fighting
 - Level 6.1 Dodging
 - Level 1.0 Stealth
 + Level 12.5 Unarmed Combat
 * Level 10.0 Invocations
 - Level 0.1 Evocations


You had 10 spell levels left.
You didn't know any spells.
Your spell library contained the following spells:

 Spells                   Type           Power      Damage    Failure   Level
 Ensorcelled Hibernation  Hex/Ice        0%         N/A       58%         2
 Gell's Gravitas          Tloc           0%         N/A       83%         3
 Lesser Beckoning         Tloc           0%         N/A       83%         3
 Spider Form              Tmut/Pois      0%         N/A       83%         3
 Teleport Other           Tloc           0%         N/A       83%         3
 Hailstorm                Conj/Ice       0%         3d3       99%         4
 Ice Form                 Ice/Tmut       0%         N/A       99%         4
 Petrify                  Tmut/Erth      0%         N/A       99%         4
 Metabolic Englaciation   Hex/Ice        0%         N/A       100%        5
 Shadow Creatures         Summ           N/A        N/A       100%        6
 Simulacrum               Ice/Necr       0%         N/A       100%        6
 Statue Form              Tmut/Erth      0%         N/A       100%        6
 Chain Lightning          Conj/Air       0%         N/A       100%        9
 Fire Storm               Conj/Fire      0%         5d1       100%        9


Dungeon Overview and Level Annotations

Branches:
Dungeon (11/15)            Temple (1/1) D:5            Lair (0/6) D:9
    Orc (0/2) D:10          Sewer (visited)

Altars:
Ashenzari
Cheibriados
Dithmenos
Elyvilon
Fedhas
Gozag
Hepliaklqana
Kikubaaqudgha
Makhleb
Nemelex Xobeh
Okawaru
Qazlal
Ru
Sif Muna
Trog
Uskayaw
Vehumet
Wu Jian
Xom
Yredelemnul
Zin
The Shining One

Shops:
D:4 [   D:11 *

Annotations:
D:3 2 transporters, pentaflop's ghost, amateur DsFE
D:4 3 runed translucent doors, barney's ghost, amateur DrTm
D:10 3 runed translucent doors


Innate Abilities, Weirdness & Mutations

You are too large for most types of armour.
You have claws for hands.
Your natural rate of healing is unusually fast.
You are covered in fur. (AC +1)
You have tough skin. (AC +1)


Message History

The bolt of electricity hits the water elemental.
The water elemental resists.
The bolt of electricity hits the electric eel.
The electric eel completely resists.
The bolt of electricity hits you!
You hear a shout!
You are too injured to fight recklessly!
Unknown command.
You are too injured to fight recklessly!
You are too injured to fight recklessly!
Unknown command.
Why would you want to do that?
An unseen horror comes into view.
The electric eel shoots out a bolt of lightning at you!
The bolt of electricity hits you!
* * * LOW HITPOINT WARNING * * *
The water elemental hits you!
* * * LOW HITPOINT WARNING * * *
The electric eel shoots out a bolt of lightning at you!
The bolt of electricity hits you!
* * * LOW HITPOINT WARNING * * *
The water elemental barely misses you.
A cyclops comes into view.
The water elemental hits you!
* * * LOW HITPOINT WARNING * * *
With a swish of your cloak, you release a cloud of fog.
The water elemental engulfs you in water!
You slip free of the water engulfing you.
You gasp with relief as air once again reaches your lungs.
Unknown command.
You block the unseen horror's attack. The unseen horror barely misses you.
The unseen horror hits you but does no damage.
The electric eel shoots out a bolt of lightning at you!
The bolt of electricity hits the unseen horror!
The bolt of electricity hits you.
* * * LOW HITPOINT WARNING * * *
The unseen horror hits you.
* * * LOW HITPOINT WARNING * * *
The electric eel shoots out a bolt of lightning at you!
The bolt of electricity hits you!
You die...

...≈≈≈≈≈≈≈≈≈≈≈§§.#
.....≈≈≈≈≈≈≈§§§§§#
≈≈.≈≈≈≈≈≈≈≈≈§§§§§#
.≈.≈≈≈≈≈≈(≈≈≈§;§.#
≈≈.≈≈≈≈≈(≈≈≈§;§..#
≈≈.≈≈≈≈≈≈.≈≈≈≈≈≈.##
≈≈.≈≈≈≈≈≈.≈≈≈≈≈E..#
≈≈.≈≈≈≈.≈.≈≈≈≈≈≈x>#
##.####.#.######@##
..........#....).#
#.#####.###......#
#. #..........# #.
#..........# #.
#....#####.# #.
#....# #.# #.
###### ### #.


You could see a water elemental, an unseen horror (invisible) and 2 electric
eels.

Vanquished Creatures
  2 cyclopes (D:11)
  Maurice (D:10)
  Joseph (D:7)
  3 kobold demonologists
  2 komodo dragons
  2 trolls (D:9)
  2 hornets
  8 yaks
  3 water elementals (D:11)
  2 wyverns
  4 steam dragons
  Edmund (D:4)
  Duvessa (D:5)
  3 water moccasins (D:9)
  3 orc warriors
  4 black bears
  3 ice beasts
  3 ogres
  A phantom (D:4)
  A centaur (D:5)
  2 gnoll sergeants
  5 kobold brigands
  4 bullfrogs
  Dowan (D:5)
  A water moccasin zombie (D:5)
  3 scorpions
  A wyvern skeleton (D:7)
  2 electric eels (D:11)
  6 wights (D:7)
  5 centaur zombies
  A bullfrog zombie (D:5)
  5 hounds
  3 jellies
  2 gnoll shamans
  3 orc priests
  Crazy Yiuf (D:7)
  3 bullfrog skeletons
  2 iguanas
  5 orc wizards (D:8)
  Terence (D:2)
  Ijyb (D:3)
  A hound skeleton (D:4)
  Robin (D:2)
  2 howler monkey skeletons
  A howler monkey zombie (D:9)
  13 gnolls
  A river rat (Sewer)
  8 adders
  3 white imps
  An ufetubus (D:5)
  3 worms
  2 dart slugs (D:3)
  36 orcs
  15 ball pythons
  11 bats
  7 endoplasms
  5 giant cockroaches
  19 goblins
  12 hobgoblins
  2 jackals (D:2)
  4 quokkas
  5 frilled lizards
  34 kobolds
  9 rats
302 creatures vanquished.

Vanquished Creatures (others)
  An orc wizard (D:7)
  30 fungi
  30 plants (D:9)
61 creatures vanquished.

Grand Total: 363 creatures vanquished

Notes
Turn   | Place    | Note
-------+----------+-------------------------------------------
     0 | D:1      | pkoi the Troll Monk began the quest for the Orb.
     0 | D:1      | Reached XP level 1. HP: 22/22 MP: 0/0
    70 | D:1      | Reached XP level 2. HP: 29/29 MP: 1/1
   209 | D:1      | Reached skill level 4 in Unarmed Combat
   298 | D:1      | Reached XP level 3. HP: 36/36 MP: 2/2
   603 | D:2      | Noticed Terence
   616 | D:2      | Killed Terence
   648 | D:2      | Reached XP level 4. HP: 42/44 MP: 3/3
   731 | D:2      | Reached skill level 5 in Unarmed Combat
  1274 | D:2      | Found a faded altar of an unknown god.
  1342 | D:2      | Noticed Robin
  1373 | D:2      | Reached XP level 5. HP: 42/50 MP: 4/4
  1383 | D:2      | Killed Robin
  1568 | D:2      | Reached skill level 6 in Unarmed Combat
  1729 | D:3      | Noticed Ijyb
  1760 | D:3      | Killed Ijyb
  1969 | D:3      | Found a transporter.
  1971 | D:3      | Noticed pentaflop's ghost (amateur DsFE)
  1981 | D:3      | Found a transporter.
  2062 | D:3      | Reached XP level 6. HP: 19/59 MP: 5/5
  2498 | D:4      | Reached skill level 7 in Unarmed Combat
  2527 | D:4      | Found a shimmering altar of Xom.
  2528 | D:4      | Noticed a steam dragon
  2644 | D:4      | Found a stormy altar of Qazlal.
  2650 | D:4      | Found a burning altar of Makhleb.
  2655 | D:4      | Found a hazy altar of Hepliaklqana.
  2725 | D:4      | Became a worshipper of Makhleb the Destroyer
  2725 | D:4      | Reached * piety under Makhleb
  2725 | D:4      | Reached ** piety under Makhleb
  2798 | D:4      | Reached XP level 7. HP: 56/66 MP: 6/6
  2840 | D:4      | Reached skill level 1 in Invocations
  2862 | D:4      | Killed a steam dragon
  2863 | D:4      | Reached skill level 8 in Unarmed Combat
  2976 | D:4      | Found a blossoming altar of Fedhas.
  2993 | D:4      | Found a runed translucent gate.
  2993 | D:4      | Found a runed translucent gate.
  2993 | D:4      | Found a runed translucent gate.
  2995 | D:4      | Noticed barney's ghost (amateur DrTm)
  3002 | D:4      | Noticed a yak
  3089 | D:4      | Found Kedwobea's Armour Shop.
  3263 | D:5      | Entered Level 5 of the Dungeon
  3268 | D:5      | Noticed Duvessa
  3268 | D:5      | Noticed Dowan
  3271 | D:5      | Noticed Edmund
  3277 | D:5      | Killed Duvessa
  3304 | D:4      | Killed Edmund
  3362 | D:5      | Killed Dowan
  3381 | D:5      | Reached XP level 8. HP: 72/75 MP: 9/9
  3509 | D:5      | Found a glowing drain.
  3514 | Sewer    | Entered a sewer
  3882 | D:5      | Reached skill level 9 in Unarmed Combat
  3980 | D:5      | Found a staircase to the Ecumenical Temple.
  3983 | D:5      | Reached *** piety under Makhleb
  3995 | Temple   | Entered the Ecumenical Temple
  4344 | D:6      | Noticed a kobold demonologist
  4345 | D:6      | Noticed a kobold demonologist
  4351 | D:6      | Noticed a rust devil
  4351 | D:6      | Killed a kobold demonologist
  4363 | D:6      | Killed a kobold demonologist
  4364 | D:6      | Reached skill level 5 in Invocations
  4364 | D:6      | Reached XP level 9. HP: 81/83 MP: 11/11
  4527 | D:6      | Reached skill level 10 in Unarmed Combat
  4630 | D:6      | Found a white marble altar of Elyvilon.
  5253 | D:7      | Noticed Joseph
  5509 | D:7      | Killed Joseph
  5510 | D:7      | Reached skill level 5 in Dodging
  5859 | D:7      | Found a runed translucent door.
  5860 | D:7      | Noticed Crazy Yiuf
  5866 | D:7      | Killed Crazy Yiuf
  5967 | D:8      | Reached XP level 10. HP: 91/91 MP: 14/14
  6148 | D:8      | Reached **** piety under Makhleb
  6162 | D:8      | Reached skill level 11 in Unarmed Combat
  6427 | D:8      | Identified 2 scrolls of acquirement
  6427 | D:8      | Acquired the +2 cloak of the Thief {*Fog Slay-2 SInv
                  | Stlth+}
  6427 | D:8      | Found the +2 cloak of the Thief {*Fog Slay-2 SInv Stlth+}
  7059 | D:9      | Found a staircase to the Lair.
  7533 | D:9      | Reached skill level 12 in Unarmed Combat
  7676 | D:10     | Entered Level 10 of the Dungeon
  7683 | D:10     | Acquired 983 gold pieces
  7691 | D:10     | Found a staircase to the Orcish Mines.
  7841 | D:10     | Reached ***** piety under Makhleb
  7842 | D:10     | Reached XP level 11. HP: 90/97 MP: 16/16
  8049 | D:10     | Noticed Maurice
  8067 | D:10     | Killed Maurice
  8257 | D:10     | Found a runed translucent gate.
  8257 | D:10     | Found a runed translucent gate.
  8257 | D:10     | Found a runed translucent gate.
  8259 | D:10     | Noticed a green ugly thing
  8259 | D:10     | Noticed a green very ugly thing
  8262 | D:10     | Noticed a glowing orange brain
  8263 | D:10     | Noticed a green ugly thing
  8263 | D:10     | Noticed a green ugly thing
  8326 | D:10     | Noticed a centaur warrior
  8326 | D:10     | Found the +13 scythe of Curses {drain, Drain}
  8327 | D:10     | Noticed a boulder beetle
  8327 | D:10     | Noticed a centaur warrior
  8327 | D:10     | Noticed a white ugly thing
  8336 | D:10     | Noticed an orb spider
  8607 | D:10     | Noticed a purple ugly thing
  8607 | D:10     | Noticed a cyan ugly thing
  8628 | D:11     | Found Aczoafro's General Store.
  8648 | D:11     | Bought a scroll of blinking for 112 gold pieces
  8992 | D:11     | Reached skill level 10 in Invocations
  9263 | D:11     | Noticed a skeletal warrior
  9265 | D:11     | Noticed a skeletal warrior
  9273 | D:11     | Killed from afar by an electric eel

Illustrated notes

Levels and vault maps discovered:
D:1:      onia_arrival_mini_spirals, layout_rooms
D:2:      minmay_razor_zed, layout_loops_ring,
          shapermc_ecumenical_altar_starsandcircs, minmay_quadrilaterals,
          uniq_robin, uniq_terence
D:3:      layout_basic, gammafunk_ghost_arena,
          amcnicky_mini_rare_corridor_liquid, minmay_misc_feat_ornament,
          uniq_ijyb
D:4:      layout_rooms, lemuel_tele_altar, minmay_overflow_temple_star_quad,
          lemuel_coloured_pillars_altar, serial_shops, nicolae_shop_statue_plus,
          gammafunk_ghost_split, lightli_corner_chamber
D:5:      layout_rooms, minmay_temple_entry_grid, gup_sewer_entry_bowl,
          uniq_duvessa, uniq_edmund
D:6:      layout_basic, mainiacjoe_overflow_six_doors_small
D:7:      minmay_spotlight, layout_loops_ring, minmay_fountain_box,
          uniq_crazy_yiuf_cottage, uniq_joseph
D:8:      layout_rooms
D:9:      layout_loops_cross, due_lair_maze_entry_diamond
D:10:     layout_stronghold, orc_david_3,
          ploomutoo_gammafunk_ghost_potion_laboratory, nrook_mini_vaults,
          minivault_12, uniq_maurice
D:11:     layout_basic, special_room [special_room_orc], nicolae_stop_n_shop_2
Temple:   nicolae_temple_x_marks_the_god

Skill      XL: |  1  2  3  4  5  6  7  8  9 10 11 |
---------------+----------------------------------+-----
Unarmed Combat | 4 5 6 7 8 9 10 12 | 12.5
Invocations    | 2 5 6 8 10 | 10.0
Fighting       | 3 |  3.5
Dodging        | 3 4 5 6 |  6.1
Stealth        | |  1.0
Evocations     | |  0.1

Action                   |  1- 3 |  4- 6 |  7- 9 | 10-12 || total
-------------------------+-------+-------+-------+-------++-------
Melee: Unarmed           |    84 |   205 |   321 |   321 ||   931
       Punch             |       |     2 |    16 |    31 ||    49
Throw: Dart              |       |       |       |    11 ||    11
Invok: Lesser Servant of |       |       |     3 |       ||     3
  Use: Scroll            |       |     9 |     7 |     8 ||    24
       Potion            |       |       |     3 |       ||     3
 Stab: Sleeping          |     2 |     6 |     1 |     2 ||    11
       Distracted        |       |       |     1 |       ||     1
       Invisible         |       |       |     2 |       ||     2
Armor: Robe              |    31 |    52 |    67 |   110 ||   260
       Skin              |       |       |    10 |       ||    10
Dodge: Dodged            |    48 |    97 |   155 |   156 ||   456
Block: Other             |       |       |       |    21 ||    21
